 Dungeon Crawl Stone Soup version 0.31-a0-174-g85c54bcb58 (webtiles) character file.

Game seed: 15615603423256641210

93 IdlyInterested the Trooper (level 4, -1/37 HPs)
             Began as a Demonspawn Fighter on June 15, 2023.
             Killed from afar by Natasha (9 damage)
             ... with a magic dart
             ... on level 2 of the Dungeon.
             The game lasted 00:06:32 (1496 turns).

IdlyInterested the Trooper (Demonspawn Fighter)     Turns: 1496, Time: 00:06:33

Health: -1/37      AC:  6    Str: 16    XL:     4   Next: 36%
Magic:  4/4        EV: 10    Int:  9    God:
Gold:   124        SH:  0    Dex: 17    Spells: 3/3 levels left

rFire   . . .        a - +0 long sword
rCold   . . .        (no shield)
rNeg    . . .        b - +0 scale mail
rPois   .            (no helmet)
rElec   .            (no cloak)
rCorr   .            (no gloves)
SInv    .            (no boots)
Will    .....        (no amulet)
Stlth   +            (no ring)
HPRegen 0.26/turn    (no ring)
MPRegen 0.09/turn

%: no passive effects
@: slowed, very slow
A: thin skeletal structure 1, condensation shield, demonic touch 1
a: no special abilities


You were on level 2 of the Dungeon.
You visited 1 branch of the dungeon, and saw 2 of its levels.

You collected 124 gold pieces.

Inventory:

Hand Weapons
 a - a +0 long sword (weapon)
 k - a +0 short sword
 o - a +1 dagger of pain
Missiles
 j - 3 boomerangs of dispersal
 l - 13 stones (quivered)
 m - 6 atropa-tipped darts
Armour
 b - a +0 scale mail (worn)
 c - a +0 buckler
 i - a +0 kite shield
Scrolls
 p - 2 scrolls of blinking {unknown}
 r - a scroll of noise {unknown}
Potions
 d - a potion of might
 e - a potion of cancellation {unknown}
 f - a potion of curing
 g - a potion of attraction {unknown}
 h - a potion of haste {unknown}
 n - a potion of brilliance
 q - a potion of mutation {unknown}


   Skills:
 + Level 3.9 Fighting
 - Level 2.0 Long Blades
 - Level 3.0 Armour
 * Level 2.4 Dodging
 - Level 2.6 Shields


You had 3 spell levels left.
You didn't know any spells.
Your spell library contained the following spells:

 Spells                   Type           Power      Damage    Failure   Level
 Summon Guardian Golem    Hex/Summ       0%         N/A       99%         3
 Orb of Destruction       Conj           0%         9d5       100%        7
 Spellforged Servitor     Conj/Summ      0%         N/A       100%        7


Dungeon Overview and Level Annotations

Branches:
Dungeon (2/15)

Altars:

Shops:
D:1 *

Annotations:
D:2 Natasha


Innate Abilities, Weirdness & Mutations

You have a somewhat thin skeletal structure. (Dex +2, Stealth+)
A meltable shield of frost defends you. (SH +0)
Your touch may inflict minor irresistible damage on your foes.


Message History

Natasha closely misses you.
You closely miss Natasha. Your touch misses Natasha. Natasha claws you!
You barely miss Natasha. Natasha casts a spell at you.
You feel yourself slow down.
You hit Natasha.
Natasha is lightly wounded.
Natasha barely misses you. Natasha claws you but does no damage.
You closely miss Natasha.
Natasha is lightly wounded.
Natasha claws you but does no damage. Natasha barely misses you.
You slash Natasha!
Natasha is heavily wounded.
Natasha zaps a wand.
The puff of flame hits you!
Your condensation shield dissipates!
Natasha closely misses you.
You closely miss Natasha.
Natasha is heavily wounded.
Natasha growls.
Natasha claws you.
Natasha mumbles some strange words.
You feel disoriented. Natasha misses you.
You hit Natasha.
Natasha is severely wounded.
Natasha claws you.
* * * LOW HITPOINT WARNING * * *
Natasha mumbles some strange words.
You hit Natasha.
Natasha is almost dead.
Natasha casts a spell at you. The magic dart hits you.
* * * LOW HITPOINT WARNING * * *
The cerulean imp barely misses you. Natasha completely misses you.
The cerulean imp hits you from afar with a +2 spear.
* * * LOW HITPOINT WARNING * * *
You feel better.
Natasha stares at you and mumbles some strange words.
The magic dart hits you!
You die...

#######.........#....).
##...............'......
#.....##.........#......
#.....#######....#......
#.....#..........#......
#.....#..........##.....
#####.....#..........##.....
#.........#..........##.....
#......####@.........##.....
#........5h..........'......
#......##.#.........[##.####
#......##.###........##.# #
#......##...#........##.# #
#......####.#........##.# #
####......####.#........##.#
#
#.....#.......).........##.#
#
#.....#.......#.....)...##.#
#


You could see Natasha and a cerulean imp (summoned).

Vanquished Creatures
  Natasha (twice) (D:2)
  3 worms (D:2)
  2 dart slugs
  2 ball pythons
  2 endoplasms (D:2)
  A giant cockroach (D:2)
  4 goblins
  4 hobgoblins
  3 quokkas (D:2)
  A bat (D:2)
  2 frilled lizards (D:1)
  2 kobolds
  5 rats
33 creatures vanquished.

Notes
Turn   | Place    | Note
-------+----------+-------------------------------------------
     0 | D:1      | IdlyInterested the Demonspawn Fighter began the quest for
                  | the Orb.
     0 | D:1      | Reached XP level 1. HP: 18/18 MP: 1/1
   194 | D:1      | Gained mutation: A meltable shield of frost defends you.
                  | (SH +0) [demonic ancestry]
   194 | D:1      | Reached XP level 2. HP: 20/24 MP: 2/2
   484 | D:1      | Found Ytotaogy's General Store.
   828 | D:2      | Reached skill level 1 in Dodging
   905 | D:2      | Gained mutation: Your touch may inflict minor irresistible
                  | damage on your foes. [demonic ancestry]
   905 | D:2      | Reached XP level 3. HP: 26/29 MP: 3/3
  1018 | D:2      | Noticed Natasha
  1026 | D:2      | Killed Natasha
  1104 | D:2      | Noticed Natasha
  1110 | D:2      | Killed Natasha
  1111 | D:2      | Gained mutation: You have a somewhat thin skeletal
                  | structure. (Dex +2, Stealth+) [demonic ancestry]
  1111 | D:2      | Reached XP level 4. HP: 27/37 MP: 4/4
  1485 | D:2      | Noticed Natasha
  1496 | D:2      | Killed from afar by Natasha

Illustrated notes

Levels and vault maps discovered:
D:1:      dpeg_arrival_rooms_with_view, layout_rooms, serial_shops, shop,
          nrook_loot_triangle
D:2:      layout_basic, uniq_natasha

Skill      XL: |  1  2  3 |
---------------+----------+-----
Long Blades    | 2 |  2.0
Armour         | 3 |  3.0
Dodging        | 1 2 |  2.4
Fighting       | |  3.9
Shields        | |  2.6

Action                     |  1- 3 |  4- 6 || total
---------------------------+-------+-------++-------
  Melee: Long sword        |    85 |    24 ||   109
         Touch             |     1 |     2 ||     3
    Use: Potion            |     2 |     1 ||     3
         Scroll            |     1 |       ||     1
 Armour: Scale mail        |    21 |     6 ||    27
  Dodge: Dodged            |    30 |    22 ||    52
  Block: Buckler           |    16 |       ||    16
         Other             |     2 |     1 ||     3

Table legend: (Time is in decaauts)
 A = Elapsed time spent in this place.
 B = Non-inter-level travel time spent in this place.
 C = Inter-level travel time spent in this place.
 D = Time resting spent in this place.
 E = Time spent auto-exploring this place.
 F = Levels seen in this place.
 G = Mean time per level.
                   A        B        C        D        E       F      G
               +--------+--------+--------+--------+--------+-----+--------+
         Total |   1536 |   1362 |    174 |    110 |    769 |   2 |  768.0 |
       Dungeon |   1536 |   1362 |    174 |    110 |    769 |   2 |  768.0 |
               +--------+--------+--------+--------+--------+-----+--------+

Top non-repeatable levels by time:
     D:2: 850 daAuts
     D:1: 685 daAuts
